Map: Odyssey LE

Players

herO

  • Race: Protoss Protoss
  • Spawn Location: 5:00

Rogue - Winner!

  • Race: Zerg Zerg
  • Spawn Location: 11:00

Event: 2017 WCS Global Finals

VOD

Have the link to the VOD?

Description

Time

  • Played on: Nov. 3, 2017, 6:17 p.m.
  • Length: 11:20

All games in this series

Show
View Real Time Build Order
Export as new Build Order

herO Protoss 

Build Orders: 1 Gate Expand, Archon Immortal, Zealot Archon, Archon Drop, Dark Templar Rush 

Get SALT Encoding   

  12  0:00  Probe (Chrono Boost)  
  13  0:11  Probe (Chrono Boost)  
  14  0:17  Pylon  
  14  0:22  Probe (Chrono Boost)  
  15  0:33  Assimilator  
  15  0:35  Probe (Chrono Boost)  
  16  0:45  Gateway, Probe (Chrono Boost)  
  17  0:56  Probe (Chrono Boost)  
  18  1:07  Probe (Chrono Boost)  
  19  1:19  Nexus  
  19  1:21  Probe (Chrono Boost)  
  20  1:31  Cybernetics Core  
  20  1:35  Probe (Chrono Boost)  
  21  1:41  Assimilator  
  21  1:45  Probe (Chrono Boost)  
  22  1:49  Pylon  
  22  1:56  Probe (Chrono Boost)  
  23  2:08  Warp Gate, Adept, Probe (Chrono Boost)  
  26  2:17  Twilight Council  
  26  2:19  Probe (Chrono Boost)  
  28  2:30  Probe (Chrono Boost)  
  28  2:31  Probe (Chrono Boost)  
  31  2:40  Robotics Facility  
  31  2:41  Probe (Chrono Boost)  
  31  2:43  Probe (Chrono Boost)  
  33  2:52  Probe (Chrono Boost)  
  33  2:54  Probe (Chrono Boost)  
  33  2:59  Dark Shrine  
  33  3:02  Probe (Chrono Boost)  
  33  3:04  Probe (Chrono Boost)  
  35  3:13  Probe (Chrono Boost)  
  35  3:15  Probe (Chrono Boost)  
  35  3:18  Gateway  
  37  3:20  Gateway  
  37  3:26  Gateway  
  37  3:30  Pylon  
  37  3:32  Probe (Chrono Boost)  
  37  3:33  Probe (Chrono Boost)  
  39  3:38  Warp Prism (Chrono Boost)  
  41  3:43  Probe x2  
  41  3:47  Assimilator  
  43  3:50  Assimilator  
  43  3:54  Probe  
  44  3:55  Probe  
  44  3:57  Charge (Chrono Boost)  
  44  4:01  Pylon  
  45  4:05  Pylon  
  45  4:06  Probe  
  45  4:08  Probe  
  47  4:21  Zealot x4  
  55  4:25  Mothership Core  
  55  4:26  Probe  
  55  4:28  Warp Prism  
  60  4:48  Dark Templar  
  60  4:49  Dark Templar x3  
  68  4:53  Pylon  
  68  4:56  Probe x2  
  68  4:58  Archon x2  
  70  5:04  Pylon  
  70  5:08  Pylon  
  70  5:12  Observer  
  70  5:21  Zealot x3  
  73  5:22  Zealot  
  79  5:32  Nexus  
  79  5:34  Pylon  
  79  5:42  Forge  
  79  5:45  Zealot x2  
  79  5:48  Zealot  
  79  5:49  Zealot  
  87  5:54  Probe x2 (Chrono Boost)  
  82  6:04  Probe (Chrono Boost)  
  82  6:05  Probe (Chrono Boost)  
  82  6:06  Zealot x2, Immortal (Chrono Boost)  
  78  6:13  Zealot  
  78  6:17  Protoss Ground Weapons Level 1 (Chrono Boost)  
  70  6:20  Probe x2  
  66  6:25  Templar Archives  
  64  6:32  Dark Templar  
  64  6:37  Dark Templar x2  
  70  6:40  Dark Templar  
  70  6:43  Probe  
  70  6:44  Probe x2  
  70  6:45  Archon x2  
  70  6:47  Immortal  
  79  6:57  Photon Cannon  
  79  6:59  Probe  
  79  7:00  Probe x2  
  81  7:09  Probe  
  81  7:12  Probe x2  
  81  7:15  High Templar x4  
  88  7:19  Assimilator  
  88  7:20  Probe  
  88  7:21  Assimilator  
  93  7:23  Archon x2, Immortal  
  93  7:24  Probe x2  
  93  7:25  Pylon  
  99  7:36  Probe, Pylon  
  102  7:42  Gateway x2  
  100  7:44  Gateway  
  100  7:45  Gateway  
  100  7:49  Zealot  
  100  7:52  Pylon  
  100  7:58  Zealot x2, Protoss Ground Weapons Level 2 (Chrono Boost)  
  103  7:59  Immortal  
  107  8:07  Pylon  
  107  8:10  Probe  
  107  8:11  Probe x2  
  110  8:17  Pylon  
  110  8:18  Pylon  
  110  8:20  Pylon  
  110  8:21  High Templar  
  110  8:22  High Templar, Zealot x2  
  110  8:24  Probe  
  110  8:25  Probe  
  116  8:35  Archon  
  95  8:42  Zealot x4  
  76  8:55  Zealot x3  
  76  8:58  Zealot  
  76  9:02  Probe (Chrono Boost)  
  64  9:03  Probe x2 (Chrono Boost)  
  64  9:09  Psionic Storm  
  65  9:13  Probe (Chrono Boost)  
  65  9:14  Probe x2 (Chrono Boost)  
  64  9:17  Immortal  
  68  9:26  Probe x2  
  68  9:28  Zealot, Probe  
  73  9:38  Probe x2  
  73  9:39  Stalker  
  73  9:40  Stalker  
  73  9:42  Probe  
  80  9:46  High Templar  
  80  9:47  High Templar  
  84  9:54  Probe x3  
  87  10:01  High Templar, Zealot  
  87  10:06  Probe x2  
  82  10:09  Probe  
  82  10:13  High Templar  
  85  10:18  Probe x2  
  85  10:21  Probe  
  88  10:22  Immortal  
  92  10:30  High Templar  
  92  10:32  Probe  
  92  10:33  Probe  
  92  10:34  Probe  
  97  10:35  Zealot  
  97  10:38  High Templar  
  101  10:44  Probe  
  101  10:45  Probe  
  101  10:46  Probe  
  102  10:54  High Templar x2, Zealot x2  
  110  11:00  Archon  
Show
View Real Time Build Order
Export as new Build Order

Rogue Zerg - Winner!

Build Orders: Hatch First 

Get SALT Encoding   

  12  0:00  Drone  
  13  0:13  Overlord  
  13  0:16  Drone  
  14  0:31  Drone x2  
  14  0:35  Drone  
  17  0:51  Hatchery  
  17  0:53  Drone  
  17  0:57  Drone  
  18  1:08  Extractor  
  17  1:13  Spawning Pool  
  17  1:15  Drone  
  17  1:18  Drone  
  18  1:28  Drone  
  19  1:39  Overlord  
  19  1:50  Drone  
  20  1:59  Queen  
  20  2:01  Zergling x2  
  23  2:02  Queen  
  23  2:03  Zergling x2  
  23  2:07  Metabolic Boost  
  26  2:12  Drone  
  26  2:14  Drone  
  28  2:24  Drone x2  
  30  2:34  Drone  
  32  2:37  Drone  
  32  2:44  Hatchery  
  32  2:47  Pneumatized Carapace  
  32  2:49  Drone  
  32  2:52  Drone  
  32  2:56  Overlord  
  33  2:59  Drone  
  33  3:05  Drone  
  35  3:07  Drone  
  36  3:20  Drone  
  36  3:21  Drone x5  
  42  3:27  Overlord  
  42  3:32  Drone  
  43  3:39  Drone  
  44  3:45  Evolution Chamber  
  44  3:47  Zergling x4  
  44  3:48  Queen x2  
  49  3:57  Drone x4  
  49  3:58  Drone  
  49  3:59  Queen  
  56  4:04  Overlord  
  56  4:10  Zerg Melee Weapons Level 1  
  56  4:14  Baneling Nest  
  56  4:15  Drone x2  
  56  4:16  Spore Crawler x2  
  55  4:17  Spore Crawler  
  55  4:21  Zergling x2  
  55  4:22  Zergling x4  
  57  4:26  Zergling x4  
  59  4:33  Queen  
  59  4:34  Drone  
  59  4:35  Drone x2  
  59  4:38  Drone x2  
  66  4:44  Overlord  
  66  4:45  Overlord  
  66  4:57  Overlord  
  66  4:59  Lair  
  66  5:01  Spine Crawler  
  66  5:02  Extractor  
  66  5:03  Baneling x4  
  66  5:04  Zergling x10  
  66  5:05  Zergling x2  
  70  5:10  Spine Crawler  
  70  5:12  Zergling x6  
  72  5:18  Drone x4  
  76  5:23  Baneling  
  76  5:24  Baneling  
  76  5:25  Zergling x12  
  82  5:30  Overlord  
  81  5:36  Extractor, Zergling x4  
  81  5:37  Baneling  
  81  5:40  Overlord  
  82  5:50  Drone x3  
  82  5:52  Zergling x2  
  84  5:58  Zergling x2  
  84  5:59  Zergling x6  
  84  6:00  Zergling x2  
  84  6:02  Zergling x2  
  82  6:05  Zergling x10  
  79  6:15  Zergling x6  
  74  6:23  Hydralisk Den, Zergling x2  
  74  6:25  Drone x2  
  72  6:26  Queen  
  74  6:35  Zerg Melee Weapons Level 2, Drone x3  
  74  6:36  Hatchery  
  76  6:40  Baneling x2  
  76  6:44  Drone  
  77  6:49  Drone x3  
  77  6:50  Extractor, Drone x4  
  83  6:54  Extractor  
  83  6:55  Centrifical Hooks  
  83  6:59  Zergling x8  
  83  7:00  Zergling x2  
  87  7:04  Zergling x4  
  87  7:07  Zergling x2  
  87  7:12  Zergling x4  
  88  7:20  Overlord  
  88  7:23  Muscular Augments, Zergling x2  
  88  7:24  Overlord, Zergling x10  
  88  7:27  Overseer  
  88  7:29  Baneling  
  94  7:30  Baneling x2  
  94  7:31  Baneling  
  94  7:32  Overlord  
  94  7:34  Drone  
  95  7:37  Overlord  
  95  7:39  Extractor  
  95  7:41  Overlord  
  94  7:44  Drone  
  94  7:45  Drone  
  94  7:48  Overlord  
  95  7:52  Hydralisk x3  
  95  7:55  Hydralisk  
  95  7:56  Hydralisk  
  105  8:01  Hydralisk x2  
  105  8:03  Baneling  
  105  8:04  Baneling x2  
  105  8:05  Baneling  
  109  8:11  Drone x2  
  109  8:12  Drone  
  112  8:13  Drone x3  
  112  8:17  Baneling x6  
  112  8:18  Zergling x4  
  116  8:23  Zergling x8  
  116  8:25  Baneling x3  
  120  8:27  Zergling x2  
  120  8:33  Zergling x10  
  124  8:34  Zergling x2  
  124  8:40  Baneling x10  
  123  8:48  Zergling x14  
  120  8:50  Zergling x2  
  120  8:53  Zergling x6  
  110  8:55  Zergling x2  
  110  8:57  Hydralisk  
  110  8:59  Hydralisk  
  100  9:04  Hydralisk  
  100  9:07  Hydralisk x2  
  100  9:09  Zergling x4  
  107  9:20  Drone  
  107  9:30  Hydralisk x5  
  117  9:31  Hatchery  
  116  9:39  Baneling x9  
  116  9:40  Baneling  
  116  9:50  Zergling x18  
  116  9:51  Zergling x4  
  124  10:07  Zergling x2  
  124  10:08  Zergling x20  
  124  10:11  Baneling x8  
  124  10:12  Baneling  
  135  10:19  Overlord x3  
  135  10:24  Baneling x6  
  135  10:42  Zergling x20  
  145  10:43  Zergling x4  
  147  10:52  Drone  
  148  11:00  Zergling x22  
  157  11:08  Drone x2  
  155  11:18  Hatchery  
Tags
 
Add a new tag
Caveats
  • Supply blocks, unpowered buildings, or Contaminate may cause inaccurate times.
  • Supply counts are checked every 10 seconds.